 Dungeon Crawl Stone Soup version 0.29-a0-410-g9596d59a08 (webtiles) character file.

Game seed: 17154473976202663392

659 Bruhh the Magician (level 7, -1/50 HPs)
             Began as a Djinni Cinder Acolyte on May 14, 2022.
             Was a High Priest of Ignis.
             Slain by an ice beast (9 damage)
             ... on level 5 of the Dungeon.
             The game lasted 00:04:21 (4360 turns).

Bruhh the Magician (Djinni Cinder Acolyte)          Turns: 4360, Time: 00:04:21

Health: -1/50      AC:  2    Str: 13    XL:     7   Next: 86%
Gold:   278        EV: 15    Int: 17    God:    Ignis [*****.] SH:  0 Dex:  9

rFire   + + +      SeeInvis .   t - +7 falchion of Frustration {spect, rPois rF+ Will+ rCorr}
rCold   . . .      Faith    .   (no shield)
rNeg    . . .      Spirit   .   b - +0 robe
rPois   ∞          Reflect  .   (no helmet)
rElec   .          Harm     .   (no cloak)
rCorr   +          Rampage  .   (no gloves)
Will    +....                   (boots unavailable)
Stlth   +.........              (no amulet)
HPRegen 0.16/turn               f - ring of protection from cold
MPRegen 0.00/turn               p - +4 ring of evasion

@: flying
A: sickness immunity, fire resistance 2, cold vulnerability 1, float, innate
caster, HP casting, extra vitality 1
a: Renounce Religion, Fiery Armour, Foxfire Swarm, Rising Flame


You were on level 5 of the Dungeon.
You worshipped Ignis.
Ignis was extremely pleased with you.
You visited 1 branch of the dungeon, and saw 6 of its levels.

You collected 278 gold pieces.

Inventory:

Hand Weapons
 a - a -1 mace of venom
 t - the +7 falchion of Frustration (weapon) {spect, rPois rF+ Will+ rCorr}
   (You found it on level 4 of the Dungeon)

   When its wielder attacks, the weapon's spirit leaps out and strikes again.
   The spirit shares a part of any damage it takes with its wielder.
   rF:        It protects you from fire.
   rPois:     It protects you from poison.
   rCorr:     It protects you from acid and corrosion.
   Will:      It increases your willpower.
Armour
 b - a +0 robe (worn)
Jewellery
 f - a ring of protection from cold (left hand)
 p - a +4 ring of evasion (right hand)
Wands
 s - a wand of iceblast (6)
Scrolls
 c - 2 scrolls of enchant weapon
 g - a scroll of enchant armour
 h - a scroll of fog
 j - 4 scrolls of teleportation
 k - 2 scrolls of immolation
 l - a scroll of magic mapping
 o - 2 scrolls of identify
Potions
 d - a potion of might {unknown}
 e - 2 potions of haste {unknown}
 i - a potion of degeneration {unknown}
 m - a potion of brilliance {unknown}
 n - a potion of heal wounds {unknown}
 r - a potion of invisibility {unknown}
 u - a potion of ambrosia {unknown}
 v - 2 potions of curing
 w - a potion of mutation {unknown}
 x - a potion of flight {unknown}


   Skills:
 - Level 3.0 Fighting
 - Level 2.4 Maces & Flails
 + Level 6.6 Spellcasting


You had 11 spell levels left.
You knew the following spells:

 Your Spells              Type           Power      Damage    Failure   Level
a - Scorch                Fire           56%        2d8       1%          2
b - Apportation           Tloc           56%        N/A       1%          1
c - Corpse Rot            Necr/Air       56%        N/A       1%          2
d - Mephitic Cloud        Conj/Pois/Air  28%        N/A       2%          3
Your spell library was empty.

Dungeon Overview and Level Annotations

Branches:
Dungeon (6/15)             Temple (0/1) D:4

Altars:
Makhleb
Ru

Annotations:
D:5 2 runed translucent doors


Innate Abilities, Weirdness & Mutations

You are immune to sickness and miasma.
You are immune to poison.
Your flesh is very heat resistant. (rF++)
You are vulnerable to cold. (rC-)
You float through the air rather than walking.
You learn spells naturally, not from books.
Your magical power is your life essence.
You have superior vitality. (+4 MHP)


Message History

The centaur kicks the ice beast but does no damage.
The centaur hits itself.
The centaur kicks itself but does no damage.
Your surroundings suddenly seem different.
The orc is engulfed in noxious fumes.
The orc appears confused.
The orc hits the orc with a +0 dagger.
The orc barely misses the white imp.
Something hits the orc priest!
There is a stone staircase leading up here.
The ice beast hits you. The ice beast freezes you.
* * * LOW HITPOINT WARNING * * *
The orc priest hits itself with a +0 short sword.
The orc priest is killed!
You fly upwards.
Level annotation: 2 runed translucent doors
There is a stone staircase leading down here.
It was a potion of curing.
You feel better. The ice beast hits you. The ice beast freezes you.
* * * LOW HITPOINT WARNING * * *
Unknown command.
Casting: Scorch (safe; 1% risk of failure)
Confirm with . or Enter, or press ? or * to list all spells.
Okay, then.
Casting: Scorch (safe; 1% risk of failure)
Confirm with . or Enter, or press ? or * to list all spells.
Flames lash the ice beast.
The ice beast is lightly wounded.
The ice beast's fire resistance burns away.
* * * LOW HITPOINT WARNING * * *
The ice beast closely misses you.
Unknown command.
Casting: Scorch (safe; 1% risk of failure)
Confirm with . or Enter, or press ? or * to list all spells.
Flames lash the ice beast.
The ice beast melts!
The ice beast is moderately wounded.
* * * LOW HITPOINT WARNING * * *
The ice beast hits you.
* * * LOW HITPOINT WARNING * * *
The ice beast freezes you!
You die...

######### ###
#.......# #..
#.#####.# #..
######.#####.# ###..
#.........##.###....
#.####.......#......
###.####.##.#..#.#.#..
#......#...###.#.#.#..
#....@...###2#..(..#.#
#...##Y#.# #####.###.#
#......#.# #_# #.###.#
#..##..#.###.###.....#
#..##..#.#.#.#...#####
#........#.#.#...# #
#####.####.......# ##
#.# #........# ##. #.#
#........# #.#


You could see an ice beast (combustible).

Vanquished Creatures
  Edmund (D:5)
  An ogre (D:4)
  3 scorpions
  A hound (D:4)
  An orc priest (D:6)
  Terence (D:3)
  A jelly (D:5)
  2 iguanas
  6 adders
  2 ufetubi (D:5)
  A dart slug (D:2)
  An orc (D:6)
  2 bats (D:2)
  8 endoplasms
  2 giant cockroaches
  3 goblins
  3 hobgoblins
  2 jackals (D:2)
  8 kobolds
  2 ball pythons (D:2)
  2 frilled lizards
  4 rats
57 creatures vanquished.

Notes
Turn   | Place    | Note
-------+----------+-------------------------------------------
     0 | D:1      | Bruhh the Djinni Cinder Acolyte began the quest for the
                  | Orb.
     0 | D:1      | Reached XP level 1. HP: 20/20 MP: 0/0
    52 | D:1      | Found a faded altar of an unknown god.
   132 | D:1      | Reached XP level 2. HP: 25/25 MP: 0/0
   787 | D:2      | Reached skill level 3 in Spellcasting
   825 | D:2      | Reached XP level 3. HP: 25/30 MP: 0/0
   825 | D:2      | Learned a level 1 spell: Apportation
  1575 | D:2      | Reached XP level 4. HP: 31/35 MP: 0/0
  1918 | D:3      | Noticed Terence
  1924 | D:3      | Killed Terence
  1925 | D:3      | Reached skill level 4 in Spellcasting
  2043 | D:3      | Found a sacrificial altar of Ru.
  2712 | D:4      | Noticed an ogre
  2717 | D:4      | Killed an ogre
  2718 | D:4      | Reached XP level 5. HP: 32/40 MP: 0/0
  2718 | D:4      | Learned a level 2 spell: Corpse Rot
  2803 | D:4      | Reached XP level 6. HP: 41/46 MP: 0/0
  2807 | D:4      | Reached skill level 5 in Spellcasting
  2893 | D:4      | Identified the +7 falchion of Frustration {spect, rPois rF+
                  | Will+ rCorr}
  2968 | D:4      | Found a staircase to the Ecumenical Temple.
  3406 | D:5      | Entered Level 5 of the Dungeon
  3559 | D:5      | Found a burning altar of Makhleb.
  3559 | D:5      | Noticed a balrug
  3664 | D:5      | Reached XP level 7. HP: 42/50 MP: 0/0
  3664 | D:5      | Learned a level 3 spell: Mephitic Cloud
  3754 | D:5      | Noticed Edmund
  3764 | D:5      | Killed Edmund
  3765 | D:5      | Reached skill level 6 in Spellcasting
  3885 | D:5      | Found a large runed translucent door.
  3887 | D:5      | Found a large runed translucent door.
  4360 | D:5      | Slain by an ice beast

Illustrated notes

Levels and vault maps discovered:
D:1:      lemuel_arrival_cross, layout_basic, chequers_ecumenical_altar_simple
D:2:      layout_rooms
D:3:      layout_loops_ring, nicolae_ru_path_of_blood, uniq_terence
D:4:      layout_rooms, minmay_temple_entry_junction, grunt_decor_junction
D:5:      layout_loops_cross, makhleb_altar_promises_db, jmf_multi_god_temple2,
          uniq_edmund
D:6:      layout_rooms, gammafunk_ghost_gnarly_gnolls, serial_glass,
          glass_columns_c, glass_columns_a

Skill      XL: |  1  2  3  4  5  6  7 |
---------------+----------------------+-----
Spellcasting   | 3 4 5 6 |  6.6
Fighting       | |  3.0
Maces & Flails | |  2.4

Action                   |  1- 3 |  4- 6 |  7- 9 || total
-------------------------+-------+-------+-------++-------
Melee: Mace              |    18 |     1 |       ||    19
       Falchion          |       |     6 |       ||     6
 Cast: Scorch            |    28 |    34 |    21 ||    83
       Mephitic Cloud    |       |       |     2 ||     2
       Corpse Rot        |       |       |     1 ||     1
  Use: Scroll            |       |     8 |     1 ||     9
       Potion            |       |       |     1 ||     1
 Stab: Sleeping          |     1 |       |       ||     1
Armor: Robe              |     4 |     1 |       ||     5
Dodge: Dodged            |    19 |    14 |     7 ||    40

Table legend: (Time is in decaauts)
 A = Elapsed time spent in this place.
 B = Non-inter-level travel time spent in this place.
 C = Inter-level travel time spent in this place.
 D = Time resting spent in this place.
 E = Time spent auto-exploring this place.
 F = Levels seen in this place.
 G = Mean time per level.
                   A        B        C        D        E       F      G
               +--------+--------+--------+--------+--------+-----+--------+
         Total |   4364 |   4137 |    227 |      0 |   3741 |   6 |  727.3 |
       Dungeon |   4364 |   4137 |    227 |      0 |   3741 |   6 |  727.3 |
               +--------+--------+--------+--------+--------+-----+--------+

Top non-repeatable levels by time:
     D:3: 1077 daAuts
     D:2: 853 daAuts
     D:5: 840 daAuts
     D:1: 785 daAuts
     D:4: 693 daAuts
     D:6: 114 daAuts
